cohdb
Replays
Latest Replays
All Replays
Popular Replays
Top Player Replays
Match Explorer
How It Works
Community
CoH3 Stats
Reddit
Sign in to upload your games and track your stats! →
Sign in with Steam
Match 43810520
Unlisted
Match 43810520
Overview
Messages
Build Orders
End
Construct Section Command Post
Vickers Machine Gun Team
Selects Canadian Shock Battlegroup
Infantry Section
Dingo Light Scout Car
Construct Platoon Command Post
Selects Offensive Resupply
Selects Canadian Shock Section
Canadian Shock Section
CMP 15cwt Truck
Selects Incendiary Munitions
Canadian Shock Section
Construct Company Command Post
Selects Pyrotechnics
Crusader II Medium Tank
Foot Guards Section
Crusader II Medium Tank
Selects Point Assault
Point Assault
Armored Vehicle Training
Unlock M3 Grant Medium Tanks
Selects Demolition Engineering
M3 Grant Medium Tank
M3 Grant Medium Tank
M3 Grant Medium Tank
Point Assault
VergilFu
探路者
jaws2005
❖Yae Sakura❖
Medic#2
风城玫瑰
意如亦戊
vincent
0
0
Comments
sign in to comment!
No comments posted yet!